 Dungeon Crawl Stone Soup version 0.29-a0-839-g4793fd635e (webtiles) character file.

Game seed: 12659536956130820170

3 Malachi the Trooper (level 1, 0/19 HPs)
             Began as a Ghoul Abyssal Knight on July 14, 2022.
             Was a Believer of Lugonu.
             Slain by a jackal (1 damage)
             ... on level 1 of the Dungeon.
             The game lasted 00:00:17 (268 turns).

Malachi the Trooper (Ghoul Abyssal Knight)           Turns: 268, Time: 00:00:18

Health: 0/19       AC:  3    Str: 16    XL:     1   Next: 50%
Magic:  1/1        EV:  8    Int:  5    God:    Lugonu [**....]
Gold:   24         SH:  0    Dex:  9    Spells: 0/0 levels left

rFire   . . .      SeeInvis .   a - +1 mace
rCold   + . .      Faith    .   (no shield)
rNeg    + + +      Spirit   .   b - +0 leather armour
rPois   ∞          Reflect  .   (no helmet)
rElec   .          Harm     .   (no cloak)
rCorr   .          Rampage  .   (no gloves)
Will    .....                   (no boots)
Stlth   +.........              (no amulet)
HPRegen 0.00/turn               (no ring)
MPRegen 0.07/turn               (no ring)

@: inhibited regen, constricted
A: claws 1, cold resistance 1, negative energy resistance 3, inhibited
regeneration, torment resistance 2, devour on kill
a: Renounce Religion, Depart the Abyss, Bend Space


You were on level 1 of the Dungeon.
You worshipped Lugonu.
Lugonu was pleased with you.
You visited 1 branch of the dungeon, and saw 1 of its levels.
You visited the Abyss 1 time.

You collected 24 gold pieces.

Inventory:

Hand Weapons
 a - a +1 mace (weapon)
Armour
 b - a +0 leather armour (worn)
Magical Staves
 d - a staff of death
Scrolls
 c - a scroll of fear {unknown}
 f - a scroll of blinking {unknown}
Potions
 e - 2 potions of heal wounds {unknown}


   Skills:
 + Level 3.4 Fighting
 + Level 1.7 Maces & Flails
 + Level 1.7 Armour
 + Level 1.0 Dodging
 + Level 2.0 Invocations


You couldn't memorise any spells.
You didn't know any spells.
Your spell library was empty.

Dungeon Overview and Level Annotations

Branches:
Dungeon (1/15)

Altars:


Innate Abilities, Weirdness & Mutations

You are immune to poison.
You have sharp fingernails.
Your flesh is cold resistant. (rC+)
You are immune to negative energy. (rN+++)
You do not regenerate when monsters are visible.
You are immune to unholy pain and torment.
You thrive by killing the living.


Message History

You barely miss the jackal.
The jackal bites you but does no damage. x2
You hit the jackal. You claw the jackal, but do no damage.
The jackal is almost dead.
The jackal closely misses you.
You barely miss the jackal. The jackal bites you.
You barely miss the jackal.
The jackal is almost dead.
The jackal closely misses you. The jackal bites you.
The jackal bites you but does no damage.
The jackal bites you.
You hit the jackal but do no damage.
The jackal is almost dead.
The jackal barely misses you. The jackal bites you. The ball python bites you.
The ball python grabs you. The ball python constricts you.
The jackal bites you.
The jackal bites you but does no damage.
The ball python bites you.
* * * LOW HITPOINT WARNING * * *
The ball python constricts you.
You hit the jackal but do no damage. Your claw misses the jackal.
The jackal is severely wounded.
The jackal bites you but does no damage.
The jackal barely misses you. The ball python bites you.
* * * LOW HITPOINT WARNING * * *
The ball python constricts you.
The jackal bites you but does no damage.
The jackal barely misses you.
The ball python bites you but does no damage.
The ball python constricts you.
You hit the jackal.
You kill the jackal!
Lugonu accepts your kill. The jackal barely misses you.
The ball python bites you.
* * * LOW HITPOINT WARNING * * *
The ball python constricts you.
* * * LOW HITPOINT WARNING * * *
The jackal closely misses you.
You barely miss the jackal. The jackal bites you.
You die...

#######......#
####.....'......#
.....(...#......#
?......>.#......#
.........#......#
.........####>###
.........####.##########
.!..)......##..........#
.......@.#############.#
.......hS# #.#
.........# #.#
......$..# #.#
.........# #.#
.....#.... #.#
.....#.... #..
.....#..... #### ..#


You could see a jackal and a ball python.

Vanquished Creatures
  A hobgoblin (D:1)
  A jackal (D:1)
  A kobold (D:1)
3 creatures vanquished.

Notes
Turn   | Place    | Note
-------+----------+-------------------------------------------
     0 | Abyss:1  | Malachi the Ghoul Abyssal Knight began the quest for the
                  | Orb.
     0 | Abyss:1  | Reached XP level 1. HP: 19/19 MP: 1/1
     1 | D:1      | Escaped the Abyss
   106 | D:1      | Found a faded altar of an unknown god.
   222 | D:1      | Reached skill level 1 in Dodging
   268 | D:1      | Slain by a jackal

Illustrated notes

Levels and vault maps discovered:
D:1:      minmay_arrival_doors, layout_basic,
          hellmonk_ecumenical_altar_crossroads, chequers_avenue,
          bh_walls_and_bars

Skill      XL: |  1 |
---------------+----+-----
Dodging        | 1 |  1.0
Fighting       | |  3.4
Maces & Flails | |  1.7
Armour         | |  1.7
Invocations    | |  2.0

Action                   || total
-------------------------++-------
Melee: Mace              ||    12
       Punch             ||     1
Armor: Leather armour    ||     8
Dodge: Dodged            ||    11

Table legend: (Time is in decaauts)
 A = Elapsed time spent in this place.
 B = Non-inter-level travel time spent in this place.
 C = Inter-level travel time spent in this place.
 D = Time resting spent in this place.
 E = Time spent auto-exploring this place.
 F = Levels seen in this place.
 G = Mean time per level.
                   A        B        C        D        E       F      G
               +--------+--------+--------+--------+--------+-----+--------+
         Total |    271 |    271 |      0 |      0 |    225 |   2 |  135.5 |
       Dungeon |    270 |    270 |      0 |      0 |    225 |   1 |  270.0 |
         Abyss |      1 |      1 |      0 |      0 |      0 |   1 |    1.0 |
               +--------+--------+--------+--------+--------+-----+--------+

Top non-repeatable levels by time:
     D:1: 270 daAuts
 Abyss:1: 1 daAuts
